 Dungeon Sprint DCSS version 0.26.1-2-gb8aa6d0cf2 (webtiles) character file.

Game seed: 2560774002902716333

6200 Groucho the Unseen (level 10, 0/53 HPs)
             Began as a Spriggan Enchanter on Feb 22, 2021.
             Was the Champion of Kikubaaqudgha.
             Hit by a large rock thrown by Polyphemus (17 damage)
             ... in the Dungeon (Sprint VII: "The Pits").
             The game lasted 00:13:40 (8285 turns).

Groucho the Unseen (Spriggan Enchanter)             Turns: 8285, Time: 00:13:40

Health: 0/53       AC:  5    Str:  7    XL:     10   Next: 61%
Magic:  28/28      EV: 29    Int: 21    God:    Kikubaaqudgha [******]
Gold:   0          SH:  0    Dex: 16    Spells: 6/35 levels left

rFire    . . .     SeeInvis +   n - +1 dagger (venom)
rCold    . . .     Faith    .   (shield restricted)
rNeg     . . .     Spirit   .   b - +0 robe
rPois    .         Reflect  .   (helmet restricted)
rElec    .         Harm     .   (no cloak)
rCorr    .         Rampage  .   (gloves unavailable)
Will     +....     NoTele   +   (boots unavailable)
Stlth    ++++++....             (no amulet)
HPRegen  0.17/turn              o - +3 ring of protection
MPRegen  0.21/turn              p - +3 ring of intelligence

@: very quick
A: very small, unfitting armour, see invisible, speed 3
a: Renounce Religion, Receive Corpses, Torment, Brand Weapon With Pain, Receive
Necronomicon


You were in the Dungeon.
You worshipped Kikubaaqudgha.
Kikubaaqudgha was exalted by your worship.
You visited 1 branch

Inventory:

Hand Weapons
 a - a +2 dagger
 n - a +1 dagger of venom (weapon)
 s - a +2 rapier of speed
Missiles
 m - 11 stones (quivered)
Armour
 b - a +0 robe (worn)
Jewellery
 o - a +3 ring of protection (left hand)
 p - a +3 ring of intelligence (right hand)
Scrolls
 i - a scroll of blinking
 j - 3 scrolls of remove curse
 k - 5 scrolls of amnesia
 l - a scroll of summoning
Potions
 c - 2 potions of invisibility
 d - 6 potions of curing
 e - 9 potions of heal wounds
 f - a potion of haste
 g - 4 potions of magic
 h - 3 potions of berserk rage
 q - 3 potions of brilliance
 r - 2 potions of might


   Skills:
 + Level 6.4 Fighting
 - Level 6.3 Short Blades
 + Level 13.6 Dodging
 + Level 16.4 Stealth
 + Level 13.0 Spellcasting
 + Level 13.2 Hexes
 + Level 10.1 Necromancy


You had 6 spell levels left.
You knew the following spells:

 Your Spells              Type           Power        Failure   Level
a - Corona                Hex            68%          1%          1
b - Ensorcelled Hibernat  Hex/Ice        82%          1%          2
c - Confusing Touch       Hex            62%          1%          3
d - Animate Skeleton      Necr           100%         1%          1
e - Tukima's Dance        Hex            62%          1%          3
f - Dazzling Flash        Conj/Hex       82%          1%          3
g - Vampiric Draining     Necr           27%          1%          3
h - Borgnjor's Vile Clut  Necr/Erth      17%          16%         5
i - Dispel Undead         Necr           54%          1%          4
j - Animate Dead          Necr           27%          1%          4

Your spell library contained the following spells:

 Spells                   Type           Power        Failure   Level
 Pain                     Necr           100%         1%          1
 Sublimation of Blood     Necr           27%          1%          2
 Death Channel            Necr           27%          12%         6
 Simulacrum               Ice/Necr       17%          65%         6


Dungeon Overview and Level Annotations

Branches:
Dungeon (1/1)

Altars:
Ashenzari
Cheibriados
Dithmenos
Elyvilon
Fedhas
Gozag
Hepliaklqana
Kikubaaqudgha
Makhleb
Nemelex Xobeh
Okawaru
Qazlal
Ru
Sif Muna
Trog
Uskayaw
Vehumet
Wu Jian
Xom
Yredelemnul
Zin
The Shining One
Beogh
Jiyva
Lugonu

Annotations:
D Polyphemus


Innate Abilities, Weirdness & Mutations

You are very small and have problems with some larger weapons.
You are too small for most types of armour.
You have supernaturally acute eyesight. (SInv)
You cover ground extremely quickly.


Message History

Your Spellcasting skill increases to level 13!
Unknown command.
Unknown command.
Polyphemus the Watchful Shepherd comes into view.
There is an open door here.
A tarantella comes into view.
The helpless Polyphemus fails to defend himself.
You spit Polyphemus like a pig!!!!
Polyphemus looks as sick as possible!
Polyphemus is severely wounded.
Polyphemus closely misses you. Polyphemus completely misses you.
There is an open door here.
Polyphemus throws a large rock.
The large rock misses you.
You see here a large rock.
There is an open door here.
Polyphemus throws a large rock.
The large rock hits you!!!
Ouch! That really hurt!
You see here a large rock.
Polyphemus throws a large rock.
The large rock hits you!
You die...
Kikubaaqudgha rasps: "You have failed me!
Welcome... death!"

#####)'###### ...##''# ########
##### ...##..# ##......###)..##
...##..###..#'#.........##
...##).##†.##.##.....#...#
...##..##†##...##...###G.# .
...##..####.....##.##.##.## ...
...##...##..)...#...#.#...#....
#####....'......@.(.'('...'....
#####...##......#...#.#C..#...
.[[##..####.....##.##.##.##
.[[##..##.##...##...### .#
.).##..##..##.##.....#..5#
.))##..# #..#'#.........##
.))##..# #......###...##
####### ######## ####


You could see Polyphemus (extremely poisoned).

Vanquished Creatures
  A great orb of eyes (D)
  Sonja (D)
  A phantasmal warrior (D)
  An orange demon (D)
  An ice devil (D)
  3 rime drakes (D)
  2 freezing wraiths (D)
  A hellwing (D)
  A red devil (D)
  A hornet (D)
  A snapping turtle (D)
  A spriggan (D)
  A shadow (D)
  A wyvern (D)
  A ynoxinul (D)
  3 vampire mosquitoes (D)
  A large abomination (D)
  An acid dragon (D)
  A sky beast (D)
  An ogre (D)
  2 centaurs (D)
  A scorpion (D)
  2 crimson imps (D)
  A quasit (D)
  A hound (D)
  A gnoll shaman (D)
  An orc priest (D)
  An iguana (D)
  An orc wizard (D)
  A gnoll (D)
  2 adders (D)
  A white imp (D)
  An adder zombie (D)
  2 orcs (D)
  2 bat skeletons (D)
  A bat zombie (D)
  A goblin (D)
  A hobgoblin (D)
  A ball python skeleton (D)
  A bat (D)
  3 frilled lizards (D)
  A kobold (D)
  A rat (D)
55 creatures vanquished.

Notes
Turn   | Place    | Note
-------+----------+-------------------------------------------
     0 | D        | Groucho the Spriggan Enchanter began the quest for the Orb.
     0 | D        | Reached XP level 1. HP: 9/9 MP: 5/5
    21 | D        | Reached skill level 5 in Stealth
    52 | D        | Found a bloodstained altar of Trog.
    52 | D        | Found a shimmering blue altar of Sif Muna.
    52 | D        | Found a viscous altar of Jiyva.
    52 | D        | Found a hazy altar of Hepliaklqana.
    52 | D        | Found an opulent altar of Gozag.
    53 | D        | Found a glowing golden altar of the Shining One.
    53 | D        | Found a glowing silver altar of Zin.
    53 | D        | Found a basalt altar of Yredelemnul.
    53 | D        | Found a shimmering altar of Xom.
    53 | D        | Found an ornate altar of the Wu Jian Council.
    53 | D        | Found a sacrificial altar of Ru.
    53 | D        | Found a stormy altar of Qazlal.
    53 | D        | Found an iron altar of Okawaru.
    53 | D        | Found a sparkling altar of Nemelex Xobeh.
    53 | D        | Found a burning altar of Makhleb.
    53 | D        | Found a blossoming altar of Fedhas.
    53 | D        | Found a white marble altar of Elyvilon.
    53 | D        | Found a shadowy altar of Dithmenos.
    53 | D        | Found a snail-covered altar of Cheibriados.
    55 | D        | Found a radiant altar of Vehumet.
    55 | D        | Found a corrupted altar of Lugonu.
    55 | D        | Found a roughly hewn altar of Beogh.
    56 | D        | Found a hide-covered altar of Uskayaw.
    56 | D        | Found an ancient bone altar of Kikubaaqudgha.
    56 | D        | Found a broken altar of Ashenzari.
    65 | D        | Became a worshipper of Kikubaaqudgha
    85 | D        | Reached skill level 6 in Stealth
   328 | D        | Reached * piety under Kikubaaqudgha
   328 | D        | Identified Kikubaaqudgha's Handbook of Unholy Rituals
                  | (Kikubaaqudgha gifted it to you in the Dungeon)
   328 | D        | Received a gift from Kikubaaqudgha
   329 | D        | Reached skill level 8 in Stealth
   329 | D        | Reached XP level 2. HP: 13/13 MP: 6/6
   716 | D        | Learned a level 2 spell: Ensorcelled Hibernation
   717 | D        | Reached ** piety under Kikubaaqudgha
   718 | D        | Reached skill level 9 in Stealth
  1725 | D        | Noticed a crimson imp
  1741 | D        | Reached skill level 11 in Stealth
  1741 | D        | Reached XP level 3. HP: 16/16 MP: 5/8
  1745 | D        | Learned a level 3 spell: Confusing Touch
  1747 | D        | Learned a level 1 spell: Animate Skeleton
  1775 | D        | Noticed a centaur
  1776 | D        | Noticed a scorpion
  1777 | D        | Reached *** piety under Kikubaaqudgha
  1777 | D        | Identified Kikubaaqudgha's Guide on Unholy Secrets
                  | (Kikubaaqudgha gifted it to you in the Dungeon)
  1777 | D        | Received a gift from Kikubaaqudgha
  1778 | D        | Reached skill level 12 in Stealth
  1778 | D        | Reached skill level 1 in Necromancy
  1778 | D        | Reached XP level 4. HP: 21/21 MP: 8/10
  1780 | D        | Killed a centaur
  1781 | D        | Reached skill level 13 in Stealth
  1781 | D        | Reached skill level 5 in Hexes
  1781 | D        | Reached XP level 5. HP: 24/24 MP: 9/13
  1783 | D        | Reached skill level 5 in Spellcasting
  1785 | D        | Reached skill level 14 in Stealth
  1790 | D        | Reached **** piety under Kikubaaqudgha
  1791 | D        | Reached XP level 6. HP: 28/28 MP: 11/16
  1837 | D        | Reached skill level 15 in Stealth
  1838 | D        | Noticed a freezing wraith
  1840 | D        | Killed a freezing wraith
  1841 | D        | Reached skill level 5 in Dodging
  1841 | D        | Reached skill level 5 in Necromancy
  1841 | D        | Reached XP level 7. HP: 32/32 MP: 17/19
  1846 | D        | Learned a level 3 spell: Tukima's Dance
  1850 | D        | Learned a level 3 spell: Dazzling Flash
  2152 | D        | Noticed a snapping turtle
  2153 | D        | Noticed a phantasmal warrior
  2476 | D        | Killed a phantasmal warrior
  2477 | D        | Reached skill level 5 in Short Blades
  2477 | D        | Reached XP level 8. HP: 27/36 MP: 19/22
  2982 | D        | Reached ***** piety under Kikubaaqudgha
  3079 | D        | Killed a snapping turtle
  3080 | D        | Reached skill level 10 in Hexes
  3759 | D        | Noticed a hornet
  3765 | D        | Killed a hornet
  3766 | D        | Reached skill level 1 in Fighting
  3766 | D        | Reached skill level 10 in Spellcasting
  3771 | D        | Noticed an orange demon
  3771 | D        | Noticed a death yak
  3771 | D        | Noticed a red devil
  3811 | D        | Learned a level 3 spell: Vampiric Draining
  3817 | D        | Learned a level 5 spell: Borgnjor's Vile Clutch
  3822 | D        | Learned a level 4 spell: Dispel Undead
  3849 | D        | Killed a red devil
  3850 | D        | Reached skill level 10 in Dodging
  3850 | D        | Reached XP level 9. HP: 25/43 MP: 12/24
  4264 | D        | Killed an orange demon
  4289 | D        | Learned a level 4 spell: Animate Dead
  4695 | D        | Noticed Sonja
  4695 | D        | Noticed a death yak
  4706 | D        | Noticed an ice devil
  5192 | D        | Reached ****** piety under Kikubaaqudgha
  5630 | D        | Killed an ice devil
  6018 | D        | Noticed a freezing wraith
  6021 | D        | Noticed a death yak
  6021 | D        | Noticed a great orb of eyes
  6023 | D        | Killed Sonja
  6024 | D        | Reached skill level 5 in Fighting
  6817 | D        | Noticed a rime drake
  6833 | D        | Killed a rime drake
  6834 | D        | Reached XP level 10. HP: 41/51 MP: 24/27
  7283 | D        | Killed a great orb of eyes
  7925 | D        | Reached skill level 16 in Stealth
  7926 | D        | Reached skill level 10 in Necromancy
  8276 | D        | Noticed Polyphemus
  8285 | D        | Hit by a large rock thrown by Polyphemus

Illustrated notes

Levels and vault maps discovered:
D:        pitsprint [storerooms_1, entrance_room_1, metal_vault_3, armoury_3,
          mini_pit_1, grid_room_1, main_hall_1, silver_pit, the_coven_2,
          the_vestibule_1, steel_vault_4, golden_pit, hallway_of_sentries,
          crystal_vault_1, iron_vault_4, final_vault]

Skill      XL: |  1  2  3  4  5  6  7  8  9 10 |
---------------+-------------------------------+-----
Stealth        | 8 11 12 13 14 15 16 | 16.4
Spellcasting   | 3 4 6 7 9 10 12 13 | 13.0
Hexes          | 4 5 6 8 9 10 12 13 | 13.2
Necromancy     | 1 2 4 5 6 7 9 10 | 10.1
Short Blades   | 3 5 6 |  6.3
Dodging        | 5 8 10 12 13 | 13.6
Fighting       | 2 5 6 |  6.4

Action                   |  1- 3 |  4- 6 |  7- 9 | 10-12 || total
-------------------------+-------+-------+-------+-------++-------
Melee: Dagger            |    41 |     6 |   105 |    48 ||   200
Throw: Stone             |     2 |       |     3 |     3 ||     8
 Cast: Ensorcelled Hiber |     2 |       |    12 |     5 ||    19
       Corona            |     1 |       |       |       ||     1
       Confusing Touch   |       |       |    16 |     5 ||    21
       Dazzling Flash    |       |       |       |     1 ||     1
  Use: Potion            |       |       |     1 |     2 ||     3
 Stab: Sleeping          |     6 |     6 |     9 |     8 ||    29
       Confused          |       |       |    18 |     6 ||    24
       Distracted        |       |       |     1 |       ||     1
       Invisible         |       |       |       |     2 ||     2
Armor: Robe              |     4 |       |     7 |     1 ||    12
Dodge: Dodged            |    44 |       |    77 |    17 ||   138
